 Dungeon Crawl Stone Soup version 0.31-a0-185-g9dded2c639 (webtiles) character file.

Game seed: 12736719598957100691

403 qw the Skirmisher (level 6, 0/35 HPs)
             Began as a Deep Elf Hunter on June 22, 2023.
             Engulfed by a steam dragon's steam (12 damage)
             ... on level 4 of the Dungeon.
             The game lasted 00:01:12 (2756 turns).

qw the Skirmisher (Deep Elf Hunter)                 Turns: 2756, Time: 00:01:13

Health: 0/35       AC:  8    Str: 10    XL:     6   Next: 55%
Magic:  8/8        EV: 11    Int: 14    God:
Gold:   232        SH:  0    Dex: 18    Spells: 5/5 levels left

rFire   . . .        Y - +1 shortbow
rCold   . . .        (shield currently unavailable)
rNeg    . . .        k - +0 ring mail
rPois   .            b - +0 helmet
rElec   .            d - +1 cloak
rCorr   .            (no gloves)
SInv    .            (no boots)
Will    .....        (no amulet)
Stlth   +            (no ring)
HPRegen 0.25/turn    (no ring)
MPRegen 0.11/turn

%: no passive effects
@: no status effects
A: no striking features
a: no special abilities


You were on level 4 of the Dungeon.
You visited 1 branch of the dungeon, and saw 4 of its levels.

You collected 232 gold pieces.


   Skills:
 - Level 2.1 Fighting
 + Level 9.9 Ranged Weapons
 - Level 1.0 Armour
 - Level 2.4 Dodging
 - Level 1.2 Stealth


You had 5 spell levels left.
You didn't know any spells.
Your spell library was empty.

Inventory:

Hand Weapons
 Y - a +1 shortbow (weapon)
Armour
 b - a +0 helmet (worn)
 d - a +1 cloak (worn)
 k - a +0 ring mail (worn)
Scrolls
 g - 2 scrolls of identify
Potions
 a - 2 potions of berserk rage {unknown}
 c - a potion of brilliance {unknown}
 e - a potion of haste
 i - a potion of cancellation
 l - a potion of might

Dungeon Overview and Level Annotations

Branches:
Dungeon (4/15)
 Temple: D:4-7

Altars:
Xom


Message History

The steam dragon hisses angrily.
The arrow hits the iguana.
The iguana is moderately wounded.
You shoot an arrow. The arrow hits the steam dragon.
The steam dragon is lightly wounded.
You shoot an arrow.
The arrow hits the iguana but does no damage.
The iguana is moderately wounded.
The iguana misses you.
You shoot an arrow. The arrow closely misses the iguana.
The iguana barely misses you.
You shoot an arrow. The arrow hits the iguana.
The iguana is moderately wounded.
The iguana bites you. x2
You shoot an arrow.
The arrow hits the iguana but does no damage.
The iguana is moderately wounded.
The iguana bites you!
You shoot an arrow. The arrow hits the iguana.
The iguana is severely wounded.
The iguana barely misses you.
You shoot an arrow. The arrow hits the iguana.
The iguana is severely wounded.
The iguana closely misses you.
You shoot an arrow. The arrow hits the iguana!
You kill the iguana!
You shoot an arrow. The arrow hits the steam dragon.
The steam dragon is lightly wounded.
The steam dragon breathes steam at you. The ball of steam hits you.
You hear an angry hiss.
You shoot an arrow.
The arrow closely misses the steam dragon.
You are engulfed in a cloud of scalding steam.
The steam dragon misses you.
The steam dragon claws you but does no damage.
You shoot an arrow.
The arrow barely misses the steam dragon.
You are engulfed in a cloud of scalding steam.
You die...

#.# .. .. ... #.##.# #.#
#.# .....# #.# #.#
#.#..# ###.# #.#
###.#..#####.#.###.##
............#....(..
.#####D##....#..#.###.##
.......@..............##
+#####.##.............##
#. #.##.#..#.###.## #.
#.##.#..#.# #.## #.
#.##.#....###.## #.
#.......)......+ #.
####.#..###...## #.
#.#..# ##..##
.#####.#..#####...


You could see a steam dragon.

Vanquished Creatures
  An ogre (D:4)
  A gnoll bouda (D:4)
  Terence (D:3)
  An iguana (D:4)
  An orc wizard (D:3)
  5 gnolls (D:4)
  7 adders
  2 worms (D:3)
  4 dart slugs
  5 orcs (D:3)
  3 bats
  6 endoplasms
  4 goblins
  7 hobgoblins
  12 jackals
  6 quokkas
  9 ball pythons
  5 frilled lizards
  A giant cockroach (D:1)
  7 kobolds
  3 rats
91 creatures vanquished.

Notes
Turn   | Place    | Note
-------+----------+-------------------------------------------
     0 | D:1      | qw the Deep Elf Hunter began the quest for the Orb.
     0 | D:1      | Reached XP level 1. HP: 12/12 MP: 3/3
     0 | D:1      | 0 ||| qw: Version: 0.3-a-9-g12657ce
     0 | D:1      | 0 ||| qw: Game counter: 1661
     0 | D:1      | 0 ||| qw: Always use a shield: true
     0 | D:1      | 0 ||| qw: God list: Okawaru
     0 | D:1      | 0 ||| qw: Allow faded altars: false
     0 | D:1      | 0 ||| qw: Do Orc after D:15 true
     0 | D:1      | 0 ||| qw: Do second Lair branch before Depths: true
     0 | D:1      | 0 ||| qw: Lair rune preference: random
     0 | D:1      | 0 ||| qw: Plans: Normal
     0 | D:1      | 0 ||| PLANNING D:1-11
     5 | D:1      | 5 ||| FLEEEEING.
   102 | D:1      | Reached skill level 6 in Ranged Weapons
   102 | D:1      | Reached XP level 2. HP: 8/16 MP: 4/4
   285 | D:1      | Reached XP level 3. HP: 20/20 MP: 5/5
   604 | D:1      | 604 ||| Stepping ~*~*~tactically~*~*~ (outnumbered).
   606 | D:1      | Reached skill level 7 in Ranged Weapons
   759 | D:1      | 759 ||| UPGRADING to +1 cloak.
   764 | D:1      | 764 ||| UPGRADING to +0 ring mail.
   774 | D:1      | 774 ||| DROPPING +0 leather armour.
   775 | D:1      | 775 ||| DROPPING ring of flight.
   776 | D:1      | 776 ||| READING scroll labelled XYIFUO SEORUEPP.
   777 | D:1      | 777 ||| READING 2 scrolls labelled FUAXID ILOU.
   778 | D:1      | 778 ||| READING scroll labelled QUQYPL USOZEZI.
   779 | D:1      | 779 ||| READING 2 scrolls labelled ESSYRE SOESHRUI.
   780 | D:1      | 780 ||| DROPPING scroll of butterflies.
   781 | D:1      | 781 ||| DROPPING scroll of vulnerability.
   989 | D:2      | Reached XP level 4. HP: 23/25 MP: 6/6
  1780 | D:2      | 1780 ||| UPGRADING to +0 helmet.
  1785 | D:2      | 1785 ||| READING scroll labelled ECORRO WOERE.
  1790 | D:2      | 1790 ||| READING scroll labelled XIAJ UPREUGRA.
  1791 | D:2      | 1791 ||| DRINKING 2 bubbling puce potions.
  1792 | D:2      | 1792 ||| DRINKING 2 green potions.
  1793 | D:2      | 1793 ||| READING 2 scrolls of identify.
  1793 | D:2      | 1793 ||| IDENTIFYING fuming pink potion
  1794 | D:2      | 1794 ||| DROPPING potion of ambrosia.
  1814 | D:3      | Reached skill level 8 in Ranged Weapons
  1865 | D:3      | Reached XP level 5. HP: 29/29 MP: 7/7
  1870 | D:3      | 1870 ||| FLEEEEING.
  1872 | D:3      | 1872 ||| STAIRDANCE
  1888 | D:3      | Found a shimmering altar of Xom.
  1898 | D:3      | 1898 ||| Stepping ~*~*~tactically~*~*~ (water).
  2112 | D:3      | Noticed Terence
  2121 | D:3      | Killed Terence
  2127 | D:3      | Reached skill level 9 in Ranged Weapons
  2233 | D:3      | 2233 ||| READING scroll labelled WOFEQY NIQIKI.
  2285 | D:3      | 2285 ||| READING scroll labelled PEOGGA SIVVURU.
  2286 | D:3      | 2286 ||| READING scroll labelled IWEUDU GYNK.
  2287 | D:3      | 2287 ||| DRINKING 2 smoky cyan potions.
  2288 | D:3      | 2288 ||| READING 2 scrolls of identify.
  2288 | D:3      | 2288 ||| IDENTIFYING bubbling orange potion
  2289 | D:3      | 2289 ||| DROPPING potion of invisibility.
  2291 | D:3      | 2291 ||| Stepping ~*~*~tactically~*~*~ (cloud).
  2295 | D:3      | HP: 7/29 [poisoned by you (poison gas)]
  2300 | D:3      | HP: 3/29 [poisoned by you (poison gas)]
  2561 | D:4      | Reached skill level 1 in Armour
  2652 | D:4      | Reached XP level 6. HP: 35/35 MP: 8/8
  2744 | D:4      | Noticed a steam dragon
  2756 | D:4      | Engulfed by a steam dragon's steam

Levels and vault maps discovered:
D:1:      dpeg_arrival_arbitrary_c, layout_loops_ring
D:2:      layout_basic
D:3:      layout_rooms, xom_confusion_cloud, uniq_terence
D:4:      layout_basic

Skill      XL: |  1  2  3  4  5 |
---------------+----------------+-----
Ranged Weapons | 6 7 8 9 |  9.9
Fighting       | 2 |  2.1
Armour         | 1 |  1.0
Dodging        | |  2.4
Stealth        | |  1.2

Action                     |  1- 3 |  4- 6 || total
---------------------------+-------+-------++-------
   Fire: Shortbow          |   125 |   156 ||   281
    Use: Scroll            |     4 |     7 ||    11
         Potion            |       |     3 ||     3
 Armour: Leather armour    |     6 |       ||     6
         Ring mail         |    21 |    30 ||    51
  Dodge: Dodged            |    47 |    32 ||    79

Table legend:
 A = Non-vault XP
 B = Vault XP
 C = Vault XP percentage of total XP
 D = Non-vault monster count
 E = Vault monster count
 F = Vault count percentage of total count
                 A         B        C        D         E       F
            +---------+---------+-------+---------+---------+-------
      Total |     526 |      51 |   8.8 |      82 |       9 |   9.9
            +---------+---------+-------+---------+---------+-------
        D:1 |      67 |       0 |   0.0 |      37 |       0 |   0.0
        D:2 |      73 |       0 |   0.0 |      21 |       0 |   0.0
        D:3 |      91 |      51 |  35.9 |      13 |       9 |  40.9
        D:4 |     295 |       0 |   0.0 |      11 |       0 |   0.0
            +---------+---------+-------+---------+---------+-------
